Map: Lightshade LE

Players

ShaDoWn

  • Race: Protoss Protoss
  • League: Master

LiquidClem (Clem) - Winner!

  • Race: Terran Terran
  • League: Grandmaster

Event: DreamHack SC2 Masters 2021 Summer

VOD

Have the link to the VOD?

Description

Time

  • Played on: May 25, 2021, 11:44 a.m.
  • Length: 16:53

All games in this series

Show
View Real Time Build Order
Export as new Build Order

ShaDoWn Protoss 

Build Orders: 1 Gate Expand, Oracle Opening, Phoenix Opening 

Get SALT Encoding   

  12  0:00  Probe  
  13  0:12  Probe  
  14  0:17  Pylon  
  14  0:24  Probe (Chrono Boost)  
  15  0:36  Probe (Chrono Boost), Gateway  
  16  0:44  Probe (Chrono Boost)  
  16  0:45  Assimilator  
  17  0:51  Probe  
  18  1:03  Probe  
  19  1:15  Probe  
  20  1:21  Nexus  
  20  1:31  Cybernetics Core  
  20  1:34  Probe  
  20  1:38  Assimilator  
  21  1:46  Probe  
  22  1:50  Pylon  
  22  1:56  Pylon  
  22  1:58  Probe  
  23  2:05  Adept (Chrono Boost)  
  25  2:10  Probe  
  26  2:20  Stargate  
  26  2:23  Probe  
  26  2:29  Stalker  
  29  2:35  Probe x2  
  31  2:41  Warp Gate  
  31  2:47  Probe (Chrono Boost)  
  31  2:48  Probe (Chrono Boost)  
  33  2:59  Probe (Chrono Boost)  
  33  3:00  Probe (Chrono Boost)  
  33  3:02  Oracle (Chrono Boost)  
  38  3:08  Probe x2 (Chrono Boost)  
  40  3:14  Probe x2  
  40  3:16  Gateway  
  42  3:26  Probe  
  42  3:27  Probe  
  44  3:29  Twilight Council  
  44  3:35  Gateway  
  44  3:38  Probe  
  45  3:42  Probe  
  45  3:44  Phoenix  
  48  3:51  Probe  
  48  3:54  Probe  
  48  3:55  Pylon  
  50  4:00  Assimilator  
  50  4:04  Blink (Chrono Boost)  
  50  4:05  Pylon  
  50  4:07  Probe  
  50  4:09  Probe  
  52  4:21  Nexus  
  52  4:26  Probe x2  
  52  4:30  Stalker x2  
  58  4:35  Pylon  
  58  4:38  Probe x2  
  60  4:44  Pylon  
  60  4:50  Probe  
  61  4:54  Stalker x2  
  61  4:55  Stalker  
  61  4:57  Probe  
  61  4:58  Pylon  
  68  5:05  Probe  
  69  5:09  Probe  
  69  5:13  Shield Battery  
  70  5:17  Stalker x2  
  70  5:19  Stalker  
  70  5:20  Shield Battery  
  76  5:22  Probe  
  76  5:23  Probe  
  78  5:34  Probe x2  
  78  5:35  Probe  
  81  5:41  Stalker x2  
  85  5:43  Stalker  
  85  5:46  Probe x2  
  85  5:47  Probe  
  85  5:48  Charge (Chrono Boost)  
  87  6:01  Pylon  
  87  6:11  Gateway  
  87  6:12  Gateway, Zealot x2, Sentry  
  87  6:14  Gateway  
  87  6:15  Pylon, Forge  
  93  6:20  Probe  
  93  6:22  Assimilator  
  90  6:35  Pylon, Zealot x3  
  96  6:40  Shield Battery x2  
  92  6:54  Probe  
  92  6:55  Protoss Ground Weapons Level 1 (Chrono Boost)  
  92  6:58  Zealot x3  
  99  7:04  Probe  
  99  7:06  Gateway  
  99  7:07  Pylon  
  100  7:10  Zealot x3  
  100  7:14  Probe  
  107  7:15  Probe  
  107  7:22  Zealot x3  
  92  7:24  Probe  
  92  7:26  Assimilator  
  92  7:27  Templar Archives  
  91  7:30  Probe  
  91  7:31  Gateway  
  91  7:32  Zealot x3  
  94  7:37  Probe  
  94  7:43  Assimilator  
  95  7:44  Zealot x3  
  95  7:45  Pylon  
  95  7:47  Pylon  
  95  7:50  Gateway  
  101  7:53  Zealot x3  
  101  7:56  Psionic Storm  
  103  8:04  Zealot x4  
  99  8:14  Zealot x3  
  101  8:24  Probe  
  98  8:27  High Templar x4  
  98  8:29  Zealot  
  98  8:33  Probe  
  109  8:35  Robotics Facility  
  109  8:38  Cybernetics Core, Stalker x3  
  115  8:44  Photon Cannon  
  115  8:46  Pylon  
  113  8:54  Zealot x2  
  111  9:01  High Templar  
  111  9:02  High Templar x3, Zealot x2  
  119  9:04  Protoss Ground Weapons Level 2 (Chrono Boost)  
  119  9:05  Pylon  
  119  9:06  Archon x2  
  121  9:22  Zealot x2  
  121  9:23  Nexus, Zealot x2  
  129  9:35  High Templar x2, Zealot x2  
  135  9:42  Archon  
  135  9:44  Zealot x3  
  140  9:52  Observer (Chrono Boost)  
  133  9:59  Zealot x4  
  117  10:08  Warp Prism (Chrono Boost)  
  117  10:11  Probe  
  120  10:14  High Templar x3  
  120  10:15  High Templar  
  120  10:16  Probe  
  120  10:17  Probe  
  130  10:22  Archon  
  127  10:30  Zealot x2  
  127  10:31  Zealot x3  
  131  10:40  Probe  
  128  10:47  Archon  
  124  10:51  Zealot x5  
  124  10:52  Zealot x4  
  124  10:53  Probe  
  139  11:03  Archon  
  125  11:07  Archon  
  125  11:08  Observer  
  126  11:12  Probe x2  
  126  11:13  Stalker x3  
  126  11:14  Zealot x5, Stalker  
  126  11:16  Probe  
  145  11:28  Pylon  
  143  11:35  High Templar x5  
  143  11:36  Zealot  
  155  11:40  Pylon  
  155  11:41  Pylon  
  155  11:43  Pylon  
  155  11:45  Warp Prism  
  150  12:04  Archon  
  144  12:08  Zealot x6  
  130  12:26  Archon  
  130  12:27  High Templar x2  
  130  12:28  High Templar, Zealot x6  
  140  12:32  Robotics Bay  
  140  12:33  Robotics Facility  
  140  12:42  Protoss Ground Weapons Level 3 (Chrono Boost)  
  140  12:45  Probe x2  
  140  12:47  Probe x2  
  140  12:48  Pylon  
  140  12:49  Pylon  
  144  12:54  Assimilator x2  
  144  12:56  High Templar  
  144  12:57  Probe, High Templar  
  144  12:58  Probe  
  145  12:59  Probe x2  
  137  13:10  Probe x2, Shield Battery  
  137  13:11  Probe x2  
  139  13:15  Zealot x4  
  131  13:22  Probe x2  
  131  13:23  Probe x2  
  127  13:27  High Templar x3, Disruptor (Chrono Boost)  
  127  13:28  Disruptor (Chrono Boost)  
  127  13:34  Probe x2  
  129  13:35  Probe  
  129  13:40  Assimilator  
  120  13:52  Nexus  
  120  13:55  Pylon  
  120  13:57  Disruptor x2  
  126  14:05  High Templar x2, Zealot  
  126  14:06  Zealot x2  
  136  14:10  Stalker  
  138  14:22  Probe  
  138  14:23  Zealot x3  
  140  14:29  Probe  
  121  14:45  Photon Cannon  
  121  14:46  Zealot x3  
  121  14:47  High Templar x5, Zealot  
  121  14:51  Photon Cannon  
  121  14:52  Probe  
  140  14:54  Probe  
  140  14:58  Probe  
  142  15:03  Colossus (Chrono Boost)  
  142  15:05  Probe x2  
  147  15:10  Archon  
  147  15:14  Zealot x4  
  145  15:17  Disruptor (Chrono Boost)  
  120  15:30  Probe  
  120  15:33  Zealot x4  
  120  15:34  Zealot x4  
  135  15:37  Probe  
  125  16:06  Archon  
  125  16:10  Zealot x6  
  125  16:11  Zealot x3  
  124  16:17  Archon  
  112  16:26  Probe  
  112  16:30  Probe  
  101  16:33  Zealot x5  
  94  16:43  High Templar x4  
Show
View Real Time Build Order
Export as new Build Order

LiquidClem Terran - Winner!

Build Orders: Reaper Expand 

Get SALT Encoding   

  12  0:00  SCV  
  13  0:12  SCV  
  14  0:16  Supply Depot  
  14  0:24  SCV  
  15  0:38  SCV  
  15  0:40  Barracks  
  16  0:43  Refinery  
  16  0:50  SCV  
  17  1:02  SCV  
  18  1:14  SCV  
  19  1:26  Reaper  
  19  1:27  Orbital Command  
  20  1:42  Command Center  
  20  1:50  Supply Depot  
  20  1:52  SCV  
  21  1:58  Marine  
  22  2:04  SCV  
  23  2:08  Factory  
  23  2:16  SCV  
  23  2:19  Bunker  
  23  2:20  Barracks Reactor  
  24  2:25  Refinery  
  24  2:29  SCV  
  25  2:41  SCV  
  26  2:53  SCV  
  26  2:54  Starport  
  26  2:55  Orbital Command  
  29  2:59  Marine x2  
  29  3:05  SCV  
  32  3:07  Widow Mine  
  32  3:12  Supply Depot  
  32  3:17  SCV, Marine x2  
  35  3:22  SCV  
  36  3:29  Factory Tech Lab, SCV  
  36  3:32  Viking  
  39  3:34  SCV  
  39  3:35  Marine x2  
  39  3:41  SCV, Supply Depot  
  42  3:46  SCV  
  42  3:48  Cyclone  
  47  3:53  SCV  
  48  3:57  Marine x2  
  48  3:59  SCV  
  51  4:07  Barracks, Supply Depot  
  51  4:08  SCV  
  52  4:12  Barracks  
  52  4:16  SCV  
  52  4:17  Marine x2  
  52  4:20  SCV  
  52  4:21  Starport Tech Lab  
  52  4:23  Siege Tank  
  58  4:28  SCV  
  58  4:30  Supply Depot  
  59  4:32  SCV  
  59  4:34  Refinery  
  59  4:36  Engineering Bay  
  60  4:39  Marine x2  
  60  4:44  SCV  
  60  4:45  SCV  
  64  4:50  Starport Reactor  
  64  4:53  Refinery  
  64  4:56  SCV  
  64  4:57  SCV  
  66  5:00  Supply Depot  
  66  5:02  Stimpack  
  66  5:03  Factory Reactor  
  66  5:04  Marine x2  
  68  5:07  Terran Infantry Weapons Level 1  
  68  5:08  SCV, Marine  
  68  5:10  Supply Depot  
  70  5:14  Supply Depot  
  70  5:15  SCV  
  70  5:18  Combat Shield  
  72  5:21  Marauder  
  72  5:22  SCV  
  72  5:27  SCV, Marine x2  
  76  5:30  Marauder  
  78  5:36  Supply Depot  
  84  5:43  Widow Mine x2, Marauder  
  84  5:45  Marine  
  84  5:47  Marine  
  84  5:48  Medivac  
  84  5:49  Medivac  
  90  5:52  Supply Depot  
  90  5:55  Marauder  
  93  6:04  Marauder  
  93  6:05  Marine  
  93  6:07  Command Center  
  93  6:13  Marine  
  93  6:14  Supply Depot  
  93  6:16  Marauder  
  96  6:19  Widow Mine x2  
  96  6:23  Medivac x2  
  96  6:25  Marine  
  104  6:28  Marauder  
  104  6:31  SCV  
  104  6:32  Marine  
  103  6:38  Marauder  
  103  6:39  Supply Depot  
  103  6:42  Concussive Shells  
  103  6:43  Widow Mine x2, Marine  
  107  6:51  Marine  
  107  6:52  Marauder  
  107  6:53  SCV  
  107  6:58  Barracks  
  107  7:02  Barracks  
  107  7:03  Marauder  
  109  7:09  Widow Mine  
  109  7:10  Widow Mine  
  109  7:12  Marine x2  
  109  7:14  Marauder  
  114  7:16  SCV  
  114  7:20  SCV  
  105  7:24  Marauder  
  105  7:26  Orbital Command  
  105  7:28  SCV  
  104  7:30  Marine  
  104  7:32  Marine  
  104  7:34  SCV  
  104  7:35  Marauder  
  108  7:39  Widow Mine  
  108  7:40  Widow Mine  
  108  7:41  SCV  
  108  7:43  Terran Infantry Armor Level 1  
  113  7:46  SCV  
  113  7:49  Marauder  
  113  7:50  Marine  
  113  7:51  Barracks Reactor, Barracks Tech Lab  
  117  7:53  SCV  
  117  7:54  SCV  
  117  7:55  Marine  
  117  7:57  Marauder  
  117  7:58  SCV  
  118  8:06  Widow Mine x2  
  118  8:07  Marine  
  118  8:08  SCV  
  118  8:10  Marauder  
  118  8:11  Marauder  
  124  8:13  SCV  
  124  8:15  SCV  
  124  8:16  Medivac  
  124  8:17  Medivac  
  124  8:19  Marauder  
  129  8:20  Marine  
  129  8:23  SCV  
  129  8:27  Marine x2  
  129  8:29  Widow Mine x2, Marine  
  129  8:31  Marauder  
  129  8:33  SCV, Supply Depot  
  139  8:34  Ghost Academy  
  139  8:38  SCV, Marauder  
  139  8:39  SCV  
  141  8:43  Missile Turret  
  141  8:46  Marine, Supply Depot  
  141  8:47  Marine x2  
  141  8:48  Marauder  
  142  8:53  Marine x2, Medivac  
  142  8:54  Medivac  
  142  8:56  Supply Depot  
  142  8:57  Widow Mine x2  
  145  9:04  Ghost  
  145  9:05  Refinery  
  145  9:06  Marine x3  
  150  9:10  Ghost  
  150  9:11  Marine  
  150  9:15  Supply Depot  
  153  9:18  Command Center  
  153  9:23  Refinery  
  153  9:24  Supply Depot  
  153  9:25  Widow Mine x2  
  153  9:31  Viking x2  
  160  9:32  Marine  
  160  9:33  Marine x3  
  160  9:34  Marauder  
  160  9:37  Marauder  
  168  9:40  Marine  
  168  9:44  Supply Depot  
  167  9:49  Widow Mine x2  
  167  9:50  Armory  
  167  9:51  Engineering Bay  
  165  9:54  SCV, Ghost  
  165  9:57  Ghost, Marine x2  
  165  9:58  SCV  
  158  10:02  SCV  
  158  10:03  Marauder  
  158  10:06  SCV  
  155  10:07  Marine  
  155  10:10  SCV  
  157  10:14  Marine  
  157  10:15  SCV  
  158  10:23  Marine x2, Ghost x2  
  158  10:26  Ghost  
  158  10:27  Marine  
  158  10:28  Medivac  
  164  10:33  Marine  
  158  10:40  Medivac  
  158  10:41  Widow Mine, Marine  
  148  10:44  Widow Mine, Marine  
  148  10:45  Marine  
  146  10:50  SCV x2, Barracks x2  
  146  10:51  SCV, Barracks  
  146  10:52  Marauder  
  146  10:55  Marine  
  151  10:57  Marauder  
  151  10:58  Marauder  
  151  10:59  Medivac  
  151  11:02  Marine  
  133  11:04  SCV  
  133  11:05  Marine  
  133  11:08  Widow Mine x2  
  138  11:12  Terran Infantry Weapons Level 2  
  138  11:15  Marine x2  
  138  11:17  SCV  
  141  11:25  Terran Infantry Armor Level 2  
  141  11:26  Marine x2  
  141  11:27  Marauder x2  
  141  11:29  SCV  
  141  11:30  SCV  
  149  11:33  Planetary Fortress  
  149  11:34  SCV  
  149  11:36  Marine  
  149  11:38  Marine  
  150  11:42  Widow Mine x2, SCV  
  150  11:43  Barracks Tech Lab  
  150  11:46  Barracks Tech Lab, Marine  
  150  11:47  Marine  
  156  11:48  Medivac  
  156  11:50  Medivac  
  159  11:54  Marauder  
  159  11:56  SCV, Marine  
  159  11:57  Marine x2  
  159  12:00  Marine  
  166  12:03  Widow Mine x2  
  166  12:05  Marine  
  167  12:10  Marauder  
  167  12:13  Marine, Ghost  
  164  12:18  Marauder  
  164  12:20  SCV  
  164  12:21  SCV  
  150  12:23  SCV, Marine  
  150  12:25  Widow Mine x2  
  150  12:26  Medivac  
  150  12:28  Marauder  
  150  12:33  SCV, Medivac  
  150  12:34  Marine x2  
  155  12:39  Marine  
  155  12:41  Ghost  
  155  12:42  Marine  
  159  12:46  Widow Mine x2  
  159  12:48  Refinery x2  
  159  12:50  Marauder  
  167  12:51  Marauder  
  167  12:52  Marauder  
  167  12:54  Marauder  
  168  12:59  Marine x2  
  168  13:03  Marine  
  168  13:04  Marine  
  165  13:07  Widow Mine, Viking  
  165  13:10  Marine  
  165  13:12  Marauder  
  172  13:13  Marauder  
  172  13:14  Command Center  
  163  13:20  Medivac  
  163  13:21  Widow Mine  
  163  13:22  Marauder, Marine  
  163  13:24  Marine  
  163  13:25  Marine  
  160  13:28  Marauder x2  
  160  13:30  Marine  
  160  13:32  Widow Mine, Marine  
  154  13:34  SCV, Marauder  
  154  13:35  SCV  
  154  13:37  SCV  
  154  13:40  SCV  
  156  13:43  Marine x3  
  156  13:44  Marauder  
  156  13:46  SCV  
  162  13:49  Marauder, Marine  
  162  13:50  Marauder  
  162  13:51  Marauder  
  162  13:55  Widow Mine  
  171  13:59  Terran Infantry Weapons Level 3  
  171  14:00  Marine  
  172  14:04  Marine x2  
  172  14:07  Marine  
  175  14:10  Marine  
  175  14:11  Marauder x2  
  180  14:17  Marine  
  180  14:18  Marauder  
  180  14:19  Marauder  
  180  14:23  Marine, Medivac x2  
  184  14:25  Widow Mine  
  184  14:26  Marine  
  181  14:32  Marauder, Ghost  
  181  14:35  Widow Mine  
  185  14:42  Ghost x2  
  189  14:47  Ghost  
  189  14:51  Widow Mine  
  193  14:53  Marine x2  
  189  15:10  Ghost  
  189  15:13  Widow Mine  
  190  15:14  Medivac  
  190  15:15  Marine  
  190  15:18  Widow Mine  
  190  15:19  Marine x2  
  190  15:21  Marauder  
  193  15:22  Marauder  
  193  15:24  Marine  
  193  15:27  Marauder  
  186  15:30  Marauder  
  188  15:36  Medivac  
  188  15:37  Widow Mine  
  188  15:39  Ghost  
  192  15:48  Planetary Fortress  
  192  15:49  Marine x2  
  192  15:50  Marine  
  192  15:52  Marauder  
  192  15:55  Marauder  
  196  15:57  Ghost  
  180  16:04  Medivac  
  180  16:05  Widow Mine, Marine  
  180  16:06  Marine  
  180  16:09  Marauder  
  176  16:12  Widow Mine, Medivac  
  176  16:13  Marauder, Marine  
  176  16:14  Marine  
  176  16:17  Marine  
  169  16:20  Marine  
  169  16:23  Marine  
  169  16:25  Marine  
  159  16:26  Widow Mine  
  159  16:28  Marauder  
  159  16:31  Marine  
Tags
 
Add a new tag
Caveats
  • Supply blocks, unpowered buildings, or Contaminate may cause inaccurate times.
  • Supply counts are checked every 10 seconds.